 Dungeon Crawl Stone Soup version 0.29.1-15-g9cfb28693d (webtiles) character file.

Game seed: 15864444758423498226

9697 hahaXD the Grappler (level 11, -6/117 HPs)
             Began as a Troll Monk on May 1, 2023.
             Killed from afar by a hellion (19 damage)
             ... with damnation
             ... on level 2 of the Abyss.
             The game lasted 00:32:31 (10879 turns).

hahaXD the Grappler (Troll Monk)                   Turns: 10879, Time: 00:32:32

Health: -6/117     AC:  9    Str: 21      XL:     11   Next: 26%
Magic:  7/7        EV: 11    Int:  3 (6)  God:
Gold:   601        SH:  0    Dex: 19 (22) Spells: 10/10 levels left

rFire   . . .      SeeInvis .     - Unarmed
rCold   . . .      Faith    .   (no shield)
rNeg    . . .      Spirit   .   x - +1 steam dragon scales
rPois   .          Reflect  .   (helmet restricted)
rElec   .          Harm     .   D - +0 cloak
rCorr   .          Rampage  .   (gloves unavailable)
Will    +....                   (boots unavailable)
Stlth   ++........              I - amulet of magic regeneration
HPRegen 1.09/turn               b - ring of willpower
MPRegen 0.50/turn               A - +6 ring of dexterity

@: no status effects
A: large, unfitting armour, claws 3, regeneration 1, shaggy fur 1, tough skin 1,
[deterioration 2], [low MP 2]
a: no special abilities


You were on level 2 of the Abyss.
You visited 3 branches of the dungeon, and saw 13 of its levels.
You visited the Abyss 1 time.
You also visited: Gauntlet.

You collected 640 gold pieces.
You spent 39 gold pieces at shops.

Inventory:

Missiles
 g - a throwing net (quivered)
 z - 17 poisoned darts
Armour
 x - +1 steam dragon scales (worn)
 D - a +0 cloak (worn)
Jewellery
 b - a ring of willpower (left claw)
 u - a ring of ice
 v - a ring of wizardry
 A - a +6 ring of dexterity (right claw)
 I - an amulet of magic regeneration (around neck)
Wands
 h - a wand of flame (16)
 k - a wand of roots (3)
 w - a wand of digging (2)
 y - a wand of polymorph (13)
 B - a wand of paralysis (10)
 E - a wand of light (4)
Scrolls
 f - a scroll of enchant weapon
 j - 3 scrolls of amnesia
 l - 2 scrolls of enchant armour
 o - 4 scrolls of immolation
 r - a scroll of torment
 s - 2 scrolls of magic mapping
 t - a scroll of identify
 C - a scroll of vulnerability
 H - 2 scrolls of noise
Potions
 a - a potion of mutation
 c - 2 potions of curing
 e - a potion of attraction
 i - a potion of degeneration
 G - a potion of brilliance
Miscellaneous
 F - a tin of tremorstones (2/2)


   Skills:
 - Level 10.0 Fighting
 - Level 2.4 Dodging
 - Level 1.0 Stealth
 + Level 13.9 Unarmed Combat


You had 10 spell levels left.
You didn't know any spells.
Your spell library contained the following spells:

 Spells                   Type           Power      Damage    Failure   Level
 Sandblast                Erth           0%         2d4       52%         1
 Passwall                 Tmut/Erth      0%         N/A       67%         2
 Call Canine Familiar     Summ           0%         N/A       88%         3
 Gell's Gravitas          Tloc           0%         N/A       88%         3
 Lesser Beckoning         Tloc           0%         N/A       88%         3
 Portal Projectile        Hex/Tloc       0%         N/A       88%         3
 Stone Arrow              Conj/Erth      0%         3d7       88%         3
 Teleport Other           Tloc           0%         N/A       88%         3
 Animate Armour           Summ/Erth      0%         N/A       99%         4
 Leda's Liquefaction      Hex/Erth       0%         N/A       99%         4
 Lehudib's Crystal Spear  Conj/Erth      0%         10d2      100%        8


Dungeon Overview and Level Annotations

Branches:
Dungeon (10/15)            Temple (1/1) D:4            Lair (2/5) D:10
  Swamp (0/4) Lair:2          Orc (0/2) D:9         Gauntlet (visited)
  Snake: Lair:2-3    Spider: Lair:2-3

Altars:
Ashenzari
Cheibriados
Dithmenos
Elyvilon
Fedhas
Gozag
Hepliaklqana
Kikubaaqudgha
Makhleb
Nemelex Xobeh
Okawaru
Qazlal
Ru
Sif Muna
Trog
Uskayaw
Vehumet
Wu Jian
Xom
Yredelemnul
Zin
The Shining One

Shops:
D:2 *

Annotations:
D:10 Amaemon
Abyss:2 5 runed translucent doors Gauntlet 13 transporters, 16 runed translucent doors


Innate Abilities, Weirdness & Mutations

You are too large for most types of armour.
You have claws for hands.
Your natural rate of healing is unusually fast.
You are covered in fur. (AC +1)
You have tough skin. (AC +1)
[Your body often deteriorates upon taking damage.]
[Your magical capacity is very low. (-20% MP)]


Message History

You start resting.
A neqoxec comes into view.
The neqoxec shouts!
A purple ugly thing comes into view.
A purple very ugly thing comes into view.
The purple very ugly thing gurgles horribly!
A purple very ugly thing comes into view.
The purple very ugly thing gurgles horribly!
The purple ugly thing gurgles horribly!
Okay, then.
The purple very ugly thing attacks as you move away!
The purple very ugly thing kicks you!!
Your body deteriorates!
You feel clumsy.
The purple very ugly thing attacks as you move away!
The purple very ugly thing punches you!!
Your body deteriorates!
You feel dopey.
The purple ugly thing attacks as you move away!
The purple ugly thing bites you.
The purple very ugly thing basks in the mutagenic energy from its kin and changes!
The purple ugly thing basks in the mutagenic energy from its kin and changes!
The purple very ugly thing kicks you but does no damage.
Okay, then.
You enter the shallow water.
Moving in this stuff is going to be slow.
A hellion comes into view.
The purple very ugly thing attacks as you move away!
The purple very ugly thing kicks you!
* * * LOW HITPOINT WARNING * * *
Your body deteriorates!
You feel dopey.
A sixfirhy comes into view.
The purple very ugly thing kicks you!!
* * * LOW HITPOINT WARNING * * *
The sixfirhy moves out of view.
The purple very ugly thing attacks as you move away!
The purple very ugly thing barely misses you.
You enter the shallow water.
Moving in this stuff is going to be slow.
The hellion gestures at you.
The sphere of damnation explodes!
The damnation engulfs you!!
You die...

. #......##.#.#
#..#..# §...# .#
......##...# ...
##.##....#.#....#..
#.#..#...#.##.# #..
##.2~#...#. .## .
≈~# .~#.3u####...#
#...#2#~#u~..##..#
#..@~~..≈~~≈...
#.#.##u.#~~~~~≈# #
## #.#♣~≈≈~♣#
....♣.~~##
.##.#..#~~~ ##
..#.##.~ .... .~
... . #..#


You could see 2 very ugly things, a brown ugly thing, a hellion and a neqoxec.

Vanquished Creatures
  Erica (Lair:1)
  Maurice (D:9)
  3 cane toads (Lair:1)
  A smoke demon (Gauntlet)
  Maggie (D:8)
  A komodo dragon (D:10)
  A red devil (Gauntlet)
  A troll (D:9)
  Grinder (D:3)
  2 slime creatures (Gauntlet)
  Prince Ribbit (D:7)
  9 yaks
  Grum (D:9)
  2 steam dragons
  4 vampire mosquitoes (Lair:2)
  3 water moccasins
  An orc warrior (D:7)
  A sky beast (D:8)
  A black bear (D:6)
  3 ogres
  3 wolves (D:9)
  3 centaurs
  A phantom (D:5)
  2 kobold brigands
  4 bullfrogs
  2 necrophages
  12 wights
  3 killer bees (D:7)
  An electric eel (Lair:2)
  3 crimson imps (Gauntlet)
  A howler monkey (D:5)
  4 jellies
  4 orc priests
  3 hounds
  Jessica (D:2)
  2 iguanas
  7 orc wizards
  12 gnolls
  4 adders
  3 shadow imps
  An ufetubus (D:6)
  3 worms (D:2)
  4 dart slugs
  21 orcs
  9 endoplasms
  5 giant cockroaches
  12 hobgoblins
  9 jackals
  17 kobolds
  4 quokkas
  3 ball pythons
  3 bats
  3 frilled lizards (D:1)
  3 goblins
  3 rats
214 creatures vanquished.

Vanquished Creatures (others)
  A kobold (D:8)
  2 plants (D:10)
  2 starspawn tentacles (Abyss:2)
  14 withered plants (Gauntlet)
19 creatures vanquished.

Grand Total: 233 creatures vanquished

Notes
Turn   | Place    | Note
-------+----------+-------------------------------------------
     0 | D:1      | hahaXD the Troll Monk began the quest for the Orb.
     0 | D:1      | Reached XP level 1. HP: 22/22 MP: 0/0
    46 | D:1      | Found a faded altar of an unknown god.
   179 | D:1      | Reached XP level 2. HP: 29/29 MP: 1/1
   324 | D:1      | Reached skill level 4 in Unarmed Combat
   414 | D:1      | Reached XP level 3. HP: 36/36 MP: 2/2
   930 | D:2      | Found a stormy altar of Qazlal.
   944 | D:2      | Noticed Jessica
  1155 | D:2      | Killed Jessica
  1156 | D:2      | Reached skill level 5 in Unarmed Combat
  1156 | D:2      | Reached XP level 4. HP: 41/44 MP: 3/3
  1215 | D:2      | Found Veilipib's General Store.
  1224 | D:2      | Bought a potion of curing for 39 gold pieces
  1770 | D:3      | Reached XP level 5. HP: 50/50 MP: 4/4
  1825 | D:3      | Noticed Grinder
  1826 | D:3      | Paralysed by Grinder for 3 turns
  1844 | D:3      | Killed Grinder
  1845 | D:3      | Reached skill level 6 in Unarmed Combat
  1845 | D:3      | Reached XP level 6. HP: 34/62 MP: 5/5
  2259 | D:4      | Found a staircase to the Ecumenical Temple.
  2268 | Temple   | Entered the Ecumenical Temple
  3696 | D:5      | Entered Level 5 of the Dungeon
  3867 | D:5      | Reached skill level 5 in Fighting
  3867 | D:5      | Reached XP level 7. HP: 38/72 MP: 6/6
  4004 | D:5      | Found a sparkling altar of Nemelex Xobeh.
  4675 | D:5      | Reached skill level 7 in Unarmed Combat
  4960 | D:6      | Reached XP level 8. HP: 73/83 MP: 7/7
  5127 | D:6      | Reached skill level 8 in Unarmed Combat
  5182 | D:6      | Identified the +5 short sword of a Gauntlet {pain, Str+3}
  5480 | D:7      | Reached skill level 9 in Unarmed Combat
  5669 | D:7      | Noticed Prince Ribbit
  5689 | D:7      | Reached skill level 10 in Unarmed Combat
  5694 | D:7      | Killed Prince Ribbit
  5695 | D:7      | Reached XP level 9. HP: 20/92 MP: 8/8
  6503 | D:8      | Paralysed by a kobold for 4 turns
  6555 | D:8      | Noticed Maggie
  6572 | D:8      | Killed Maggie
  7145 | D:9      | Found a staircase to the Orcish Mines.
  7226 | D:9      | Noticed Grum
  7243 | D:9      | Killed Grum
  7247 | D:9      | Reached XP level 10. HP: 50/107 MP: 9/9
  7401 | D:9      | Noticed Maurice
  7452 | D:9      | Killed Maurice
  7510 | D:9      | Reached skill level 10 in Fighting
  7527 | D:9      | Found a stormy altar of Qazlal.
  7631 | D:9      | Found a white marble altar of Elyvilon.
  7751 | D:9      | Reached skill level 11 in Unarmed Combat
  8171 | D:10     | Entered Level 10 of the Dungeon
  8234 | D:10     | Found a staircase to the Lair.
  8313 | D:10     | Noticed Amaemon
  8313 | D:10     | Noticed an orange demon
  8340 | Lair:1   | Entered Level 1 of the Lair of Beasts
  8517 | Lair:1   | Noticed a cane toad
  8525 | Lair:1   | Killed a cane toad
  8731 | Lair:1   | Noticed a cane toad
  8736 | Lair:1   | Killed a cane toad
  8737 | Lair:1   | Reached skill level 12 in Unarmed Combat
  8762 | Lair:1   | Noticed Erica
  8949 | Lair:1   | Noticed a cane toad
  8995 | Lair:1   | Killed a cane toad
  9097 | Lair:1   | HP: 5/110 [poisoned by you (poison gas)]
  9102 | Lair:1   | HP: 4/110 [poisoned by you (poison gas)]
  9112 | Lair:1   | Killed Erica
  9506 | Lair:2   | Identified the +2 leather armour "Kinoo" {Int+3}
  9586 | Lair:2   | Reached XP level 11. HP: 100/117 MP: 10/10
  9590 | Lair:2   | Reached skill level 13 in Unarmed Combat
  9667 | Lair:2   | Identified the +4 chain mail of Uroadayf {rF- rCorr Int+3}
  9733 | Lair:2   | Found a staircase to the Swamp.
  9876 | Lair:2   | Found a gate leading to a gauntlet.
  9942 | Gauntlet | Entered a Gauntlet
  9942 | Gauntlet | Found a transporter.
  9955 | Gauntlet | Found a transporter.
  9969 | Gauntlet | Found a transporter.
  9971 | Gauntlet | Found a large runed translucent door.
  9971 | Gauntlet | Found a large runed translucent door.
  9972 | Gauntlet | Found a large runed translucent door.
  9972 | Gauntlet | Found a large runed translucent door.
  9973 | Gauntlet | Found a large runed translucent door.
  9973 | Gauntlet | Found a large runed translucent door.
  9973 | Gauntlet | Found a runed translucent door.
  9973 | Gauntlet | Found a runed translucent door.
  9973 | Gauntlet | Found a large runed translucent door.
  9974 | Gauntlet | Found a transporter.
  9989 | Gauntlet | Found a transporter.
 10004 | Gauntlet | Found a large runed translucent door.
 10005 | Gauntlet | Found a large runed translucent door.
 10006 | Gauntlet | Found a large runed translucent door.
 10006 | Gauntlet | Found a large runed translucent door.
 10006 | Gauntlet | Noticed a wizard
 10007 | Gauntlet | Found a runed translucent gate.
 10008 | Gauntlet | Found a transporter.
 10008 | Gauntlet | Found a runed translucent gate.
 10008 | Gauntlet | Noticed a wizard
 10009 | Gauntlet | Found a runed translucent gate.
 10010 | Gauntlet | Found a large runed translucent door.
 10010 | Gauntlet | Found a large runed translucent door.
 10011 | Gauntlet | Found a large runed translucent door.
 10012 | Gauntlet | Found a large runed translucent door.
 10020 | Gauntlet | Found a transporter.
 10030 | Gauntlet | Noticed a death scarab
 10032 | Gauntlet | Found a transporter.
 10033 | Gauntlet | Noticed a death scarab
 10044 | Gauntlet | Found a transporter.
 10051 | Gauntlet | Noticed a catoblepas
 10056 | Gauntlet | Found a transporter.
 10059 | Gauntlet | Noticed a ghost crab
 10073 | Gauntlet | Found a transporter.
 10073 | Gauntlet | Found a transporter.
 10093 | Gauntlet | Found a transporter.
 10115 | Gauntlet | Found a transporter.
 10133 | Gauntlet | Found a large runed translucent door.
 10139 | Gauntlet | Found a transporter.
 10216 | Gauntlet | Found a transporter.
 10243 | Gauntlet | Found a transporter.
 10261 | Gauntlet | Found a transporter.
 10384 | Gauntlet | Noticed a sea snake
 10384 | Gauntlet | a swamp worm changed into a sea snake
 10426 | Gauntlet | Noticed a swamp dragon
 10432 | Gauntlet | a swamp dragon changed into a polar bear
 10435 | Gauntlet | Noticed a swamp dragon
 10435 | Gauntlet | a sea snake changed into a swamp dragon
 10524 | Abyss:2  | Found a runed translucent gate.
 10524 | Abyss:2  | Found a runed translucent gate.
 10524 | Abyss:2  | Found a runed translucent gate.
 10524 | Abyss:2  | Found a large runed translucent door.
 10524 | Abyss:2  | Found a large runed translucent door.
 10524 | Abyss:2  | Cast into level 2 of the Abyss (a wizard)
 10532 | Abyss:2  | Noticed a vampire mage
 10591 | Abyss:2  | Noticed a sixfirhy
 10609 | Abyss:2  | Noticed a red very ugly thing
 10623 | Abyss:2  | Noticed a thrashing horror
 10648 | Abyss:2  | Noticed a wretched star
 10660 | Abyss:2  | Noticed a tentacled starspawn
 10660 | Abyss:2  | Noticed a large abomination
 10793 | Abyss:2  | Noticed a mana viper
 10793 | Abyss:2  | Noticed a hell hog
 10807 | Abyss:2  | Noticed a glowing orange brain
 10865 | Abyss:2  | Noticed a purple ugly thing
 10866 | Abyss:2  | Noticed a purple very ugly thing
 10871 | Abyss:2  | Noticed a purple very ugly thing
 10877 | Abyss:2  | Noticed a sixfirhy
 10879 | Abyss:2  | Killed from afar by a hellion

Illustrated notes

Levels and vault maps discovered:
D:1:      ebering_hopf_link, layout_loops_ring,
          dreamdust_ecumenical_altar_angels_and_demons
D:2:      layout_rooms, basic_altar, serial_shops,
          nicolae_shop_advertising_works [nicolae_subvault_shop_adworks],
          uniq_jessica
D:3:      layout_basic, grunt_ministairs_11, minivault_19, uniq_grinder
D:4:      layout_layer_cave, minmay_temple_entry_junction
D:5:      layout_basic, mainiacjoe_overflow_cross_hatched, minmay_pentangle
D:6:      layout_rooms
D:7:      layout_gridville, minmay_checkerbox, uniq_prince_ribbit1
D:8:      layout_rooms, uniq_maggie
D:9:      layout_basic, mainiacjoe_overflow_catch_the_wave, serial_curves,
          eino_curves_02, eino_curves_04, uniq_maurice, uniq_grum
D:10:     layout_cave_pools, david_lair_shrubbed, uniq_amaemon
Temple:   compressed_dpeg_triangle_lava_temple
Lair:1:   layout_roguey, cheibrodos_lair_caveside_slide, uniq_erica
Lair:2:   layout_roguey, minmay_swamp_entry_swarm, gauntlet_entry_generic
Abyss:2:  base:
D:7
Gauntlet: gammafunk_gauntlet_one_two_three [nicolae_gauntlet_arena_grate_2,
          nicolae_gauntlet_arena_x, gammafunk_gauntlet_arena_teeth,
          gammafunk_gauntlet_arena_open, gammafunk_gauntlet_arena_chambers,
          gammafunk_gauntlet_arena_arrow_garden,
          gammafunk_gauntlet_arena_split_x,
          minmay_gauntlet_arena_make_your_own_arena,
          gammafunk_gauntlet_arena_spirals,
          nicolae_gauntlet_exit_dead_adventurers]

Skill      XL: |  1  2  3  4  5  6  7  8  9 10 11 |
---------------+----------------------------------+-----
Unarmed Combat | 4 5 6 7 10 12 13 | 13.9
Fighting       | 4 5 6 9 10 | 10.0
Dodging        | |  2.4
Stealth        | |  1.0

Action                   |  1- 3 |  4- 6 |  7- 9 | 10-12 || total
-------------------------+-------+-------+-------+-------++-------
Melee: Unarmed           |    96 |   121 |   242 |   154 ||   613
       Punch             |       |     3 |     7 |    13 ||    23
Evoke: Wand              |       |       |       |     1 ||     1
  Use: Potion            |       |     1 |     5 |    12 ||    18
       Scroll            |       |     6 |     7 |    18 ||    31
 Stab: Sleeping          |     3 |     2 |     1 |     2 ||     8
Armor: Robe              |    38 |    21 |    21 |       ||    80
       Steam dragon scal |       |       |    45 |    30 ||    75
Dodge: Dodged            |    50 |    72 |   122 |    64 ||   308
